 Dungeon Crawl Stone Soup version 0.31-a0-152-g6aa68a64a1 (webtiles) character file.

Game seed: 1414410492710497086

25 qw the Shooter (level 2, -8/26 HPs)
             Began as a Minotaur Hunter on June 9, 2023.
             Mangled by Sigmund
             ... wielding a +2 scythe of protection
              (10 damage)
             ... on level 2 of the Dungeon.
             The game lasted 00:00:13 (390 turns).

qw the Shooter (Minotaur Hunter)                     Turns: 390, Time: 00:00:13

Health: -8/26      AC:  3    Str: 15    XL:     2   Next: 86%
Magic:  1/1        EV: 12    Int:  6    God:
Gold:   34         SH:  0    Dex: 13    Spells: 1/1 levels left

rFire   . . .        a - +0 shortbow
rCold   . . .        (shield currently unavailable)
rNeg    . . .        c - +0 leather armour
rPois   .            (helmet restricted)
rElec   .            (no cloak)
rCorr   .            (no gloves)
SInv    .            (no boots)
Will    .....        (no amulet)
Stlth   +            (no ring)
HPRegen 0.24/turn    (no ring)
MPRegen 0.07/turn

%: no passive effects
@: no status effects
A: horns 2, retaliatory headbutt
a: no special abilities


You were on level 2 of the Dungeon.
You visited 1 branch of the dungeon, and saw 2 of its levels.

You collected 34 gold pieces.


Innate Abilities, Weirdness & Mutations

You have a pair of horns on your head.
You reflexively headbutt those who attack you in melee.


   Skills:
 - Level 3.0 Fighting
 + Level 5.1 Ranged Weapons
 - Level 2.1 Dodging
 - Level 0.7 Stealth


You had one spell level left.
You didn't know any spells.
Your spell library was empty.

Inventory:

Hand Weapons
 a - a +0 shortbow (weapon)
Armour
 c - a +0 leather armour (worn)
 d - a +0 cloak
Scrolls
 b - a scroll of butterflies
 e - a scroll of teleportation {unknown}
Potions
 f - a potion of enlightenment {unknown}
 g - a potion of heal wounds {unknown}

Dungeon Overview and Level Annotations

Branches:
Dungeon (1/15)

Altars:

Annotations:
D:2 Sigmund


Message History

You now have 34 gold pieces (gained 13).
Items here: ( ))) [.
Sigmund the Dreaded comes into view.
He is wielding a +2 scythe of protection.
Sigmund shouts!
Things that are here:
a +0 club; a goblin corpse You shoot an arrow.
The arrow hits Sigmund.
Sigmund is lightly wounded.
Sigmund gestures at you while chanting. The puff of flame hits you!
You shoot an arrow. The arrow closely misses Sigmund.
Sigmund gestures at you while chanting. The puff of flame hits you.
You shoot an arrow. The arrow hits Sigmund.
Sigmund is moderately wounded.
You shoot an arrow. The arrow closely misses Sigmund.
You shoot an arrow. The arrow hits Sigmund.
Sigmund is moderately wounded.
You shoot an arrow. The arrow closely misses Sigmund.
Sigmund gestures at you while chanting. The magic dart hits you!
Sigmund hits you from afar with a +2 scythe of protection.
You shoot an arrow. The arrow closely misses Sigmund.
You shoot an arrow.
The arrow hits Sigmund but does no damage.
Sigmund is moderately wounded.
Sigmund casts a spell at you. You resist with significant effort.
Sigmund points at you and mumbles some strange words.
You are confused.
Sigmund closely misses you. Sigmund completely misses you.
Sigmund closely misses you.
You feel less confused.
You shoot an arrow. The arrow barely misses Sigmund.
Sigmund says, "Don't worry, I'll kill you fast."
Sigmund hits you from afar with a +2 scythe of protection.
You shoot an arrow. The arrow completely misses Sigmund.
Sigmund hits you from afar with a +2 scythe of protection!
You die...

# #. #.## ####...
.....#.#########
........)......#
#######@####.#.#
#.....##.#.#
#...@.##....###.
#)...##8.........
.(8#..###[........
##.#$..#
#......#.# #. ....
#......# # # .##..
##.....+ #.....#


You could see Sigmund.

Vanquished Creatures
  3 orcs (D:2)
  3 endoplasms (D:1)
  2 giant cockroaches (D:1)
  4 hobgoblins
  2 quokkas (D:1)
  3 goblins
  A kobold (D:1)
18 creatures vanquished.

Notes
Turn   | Place    | Note
-------+----------+-------------------------------------------
     0 | D:1      | qw the Minotaur Hunter began the quest for the Orb.
     0 | D:1      | Reached XP level 1. HP: 18/18 MP: 0/0
     0 | D:1      | 0 ||| qw: Version: 0.2-a-122-g1db1318
     0 | D:1      | 0 ||| qw: Game counter: 3247
     0 | D:1      | 0 ||| qw: Always use a shield: true
     0 | D:1      | 0 ||| qw: God list: Okawaru
     0 | D:1      | 0 ||| qw: Allow faded altars: false
     0 | D:1      | 0 ||| qw: Do Orc after D:15 true
     0 | D:1      | 0 ||| qw: Do second Lair branch before Depths: true
     0 | D:1      | 0 ||| qw: Lair rune preference: random
     0 | D:1      | 0 ||| qw: Plans: Normal
     0 | D:1      | 0 ||| PLANNING D:1-11
   153 | D:1      | Reached XP level 2. HP: 25/25 MP: 1/1
   270 | D:1      | Reached skill level 5 in Ranged Weapons
   327 | D:1      | You fall into a shaft and drop 1 floor!
   352 | D:2      | Reached skill level 3 in Fighting
   375 | D:2      | Noticed Sigmund
   381 | D:2      | HP: 2/26 [Sigmund/+2 scythe of protection (5)]
   389 | D:2      | HP: 1/26 [Sigmund/+2 scythe of protection (3)]
   390 | D:2      | Mangled by Sigmund

Levels and vault maps discovered:
D:1:      scummos_arrival_checkerplants, layout_basic, nrook_uturn
D:2:      layout_basic, guppyfry_early_orc_mine, uniq_sigmund, uniq_robin

Skill      XL: |  1  2 |
---------------+-------+-----
Ranged Weapons | 5 |  5.1
Fighting       | 3 |  3.0
Dodging        | |  2.1
Stealth        | |  0.7

Action                     || total
---------------------------++-------
   Fire: Shortbow          ||    64
 Armour: Leather armour    ||     3
  Dodge: Dodged            ||    14

Table legend:
 A = Non-vault XP
 B = Vault XP
 C = Vault XP percentage of total XP
 D = Non-vault monster count
 E = Vault monster count
 F = Vault count percentage of total count
                 A         B        C        D         E       F
            +---------+---------+-------+---------+---------+-------
      Total |      20 |      17 |  45.9 |      11 |       7 |  38.9
            +---------+---------+-------+---------+---------+-------
        D:1 |      20 |       0 |   0.0 |      11 |       0 |   0.0
        D:2 |       0 |      17 | 100.0 |       0 |       7 | 100.0
            +---------+---------+-------+---------+---------+-------
